Map: Dusk Towers

Players

Wave

  • Race: Zerg Zerg
  • League: Master

Miszu - Winner!

  • Race: Terran Terran
  • League: Master

VOD

Have the link to the VOD?

Description

Time

  • Played on: May 3, 2016, 1:52 p.m.
  • Length: 9:58
Show
View Real Time Build Order
Export as new Build Order

Wave Zerg 

Build Orders: Hatch First 

Get SALT Encoding   

  12  0:01  Drone  
  13  0:12  Overlord  
  13  0:18  Drone  
  14  0:31  Drone x2  
  14  0:34  Drone  
  17  0:53  Hatchery  
  17  0:54  Drone  
  17  0:59  Drone  
  17  1:04  Extractor  
  17  1:13  Spawning Pool  
  17  1:17  Drone  
  17  1:20  Drone  
  18  1:29  Drone  
  19  1:39  Overlord  
  19  2:00  Queen  
  19  2:01  Zergling x4  
  23  2:03  Metabolic Boost  
  23  2:05  Queen  
  23  2:06  Zergling x2  
  26  2:11  Drone  
  27  2:16  Drone  
  27  2:22  Drone  
  29  2:28  Drone  
  30  2:39  Drone x2  
  30  2:44  Drone  
  33  2:48  Overlord, Lair  
  33  2:54  Drone  
  34  2:59  Drone  
  34  3:04  Drone  
  36  3:08  Drone  
  36  3:09  Drone x2  
  36  3:11  Overlord  
  39  3:14  Drone x3  
  39  3:16  Extractor  
  39  3:17  Extractor, Drone  
  41  3:23  Drone  
  42  3:28  Drone  
  42  3:33  Drone  
  44  3:39  Drone  
  45  3:41  Drone  
  45  3:42  Drone x2  
  45  3:45  Overlord  
  45  3:46  Overlord  
  45  3:47  Drone x2  
  50  3:52  Extractor  
  49  3:55  Spire  
  49  3:56  Drone x2  
  50  4:03  Drone  
  50  4:08  Drone  
  52  4:11  Drone  
  52  4:12  Drone  
  54  4:23  Overlord  
  54  4:25  Overlord  
  54  4:26  Hatchery  
  54  4:30  Overlord  
  53  4:55  Overlord  
  53  5:02  Spore Crawler  
  53  5:04  Spore Crawler  
  51  5:07  Overseer  
  51  5:08  Mutalisk  
  51  5:09  Mutalisk x6  
  51  5:11  Mutalisk  
  67  5:17  Drone x2  
  69  5:27  Roach Warren  
  69  5:28  Evolution Chamber  
  67  5:38  Zergling x8  
  67  5:39  Zergling x8  
  75  5:45  Hatchery  
  74  5:50  Drone  
  74  5:51  Drone x3  
  74  5:53  Zerg Missile Weapons Level 1  
  74  5:55  Drone x3  
  79  6:05  Drone x2  
  79  6:13  Drone  
  79  6:14  Drone  
  79  6:17  Glial Reconstitution  
  81  6:21  Drone x2  
  81  6:22  Drone  
  84  6:27  Drone x4  
  84  6:32  Drone  
  89  6:33  Extractor  
  89  6:35  Queen  
  89  6:37  Overlord  
  90  6:43  Roach  
  92  6:51  Overlord  
  92  6:58  Queen  
  92  7:00  Roach x5  
  104  7:03  Roach  
  106  7:13  Roach x3  
  112  7:22  Roach  
  113  7:23  Overlord  
  113  7:26  Ravager  
  113  7:28  Overlord x2  
  113  7:41  Ravager  
  113  7:42  Overlord  
  113  7:43  Overlord  
  110  7:51  Roach  
  110  7:52  Roach x8  
  110  7:55  Ravager x4  
  130  8:03  Roach x5  
  142  8:05  Ravager x2  
  142  8:06  Ravager x3  
  142  8:12  Overlord  
  131  8:21  Roach  
  131  8:22  Roach x2  
  131  8:24  Overlord x2  
  134  8:39  Overlord  
  134  8:40  Extractor, Hydralisk Den  
  129  8:44  Infestation Pit  
  129  8:45  Overlord x3  
  129  8:47  Overlord  
  129  8:48  Overlord  
  128  8:52  Overlord  
  128  8:59  Overlord x3  
  127  9:06  Drone x6  
  127  9:09  Ravager, Hatchery  
  133  9:10  Ravager x4  
  109  9:25  Roach x4  
  109  9:26  Roach x8  
Show
View Real Time Build Order
Export as new Build Order

Miszu Terran - Winner!

Build Orders: Reaper Expand, Hellion Banshee 

Get SALT Encoding   

  12  0:00  SCV  
  13  0:12  SCV  
  14  0:17  Supply Depot  
  14  0:24  SCV  
  15  0:38  SCV  
  15  0:39  Barracks  
  16  0:44  Refinery  
  16  0:50  SCV  
  17  1:02  SCV  
  18  1:14  SCV  
  19  1:26  Orbital Command  
  19  1:27  Reaper  
  20  1:39  Command Center  
  20  1:47  Supply Depot  
  20  1:52  SCV  
  21  1:59  Marine  
  22  2:05  SCV  
  22  2:07  Factory  
  23  2:13  Refinery  
  23  2:17  SCV  
  23  2:22  Barracks Reactor  
  25  2:30  SCV  
  25  2:42  SCV  
  26  2:50  Orbital Command  
  26  2:54  SCV  
  26  2:55  Starport  
  27  3:04  Hellion x2  
  27  3:05  Barracks Tech Lab  
  31  3:06  SCV  
  32  3:17  SCV  
  32  3:18  SCV  
  34  3:25  Hellion x2  
  38  3:30  SCV x2  
  40  3:35  Barracks Reactor  
  40  3:38  Banshee  
  43  3:42  SCV x2  
  45  3:54  SCV  
  46  4:00  Supply Depot x2  
  46  4:02  SCV  
  46  4:03  Hellion x2  
  46  4:06  SCV  
  51  4:14  SCV  
  51  4:15  Command Center  
  52  4:18  Armory  
  52  4:20  SCV  
  52  4:21  Liberator  
  52  4:24  Liberator  
  53  4:26  Hellion  
  53  4:27  Hellion, SCV  
  58  4:32  Refinery, SCV  
  58  4:33  Refinery  
  62  4:43  SCV  
  66  4:52  SCV  
  67  4:56  SCV  
  67  4:58  Hellion  
  70  5:05  Engineering Bay  
  70  5:06  Hellion x8  
  70  5:09  Liberator x2  
  70  5:22  Supply Depot  
  70  5:27  Supply Depot, SCV x2  
  78  5:32  Orbital Command, Missile Turret  
  78  5:33  Missile Turret  
  78  5:35  Missile Turret  
  78  5:42  Starport  
  78  5:43  Starport  
  78  5:44  SCV  
  78  5:46  SCV  
  80  5:51  Terran Ship Weapons Level 1  
  80  5:54  Orbital Command  
  80  5:56  Liberator x2, SCV  
  80  6:10  Liberator  
  77  6:15  SCV x2  
  85  6:21  SCV  
  86  6:27  SCV x2  
  86  6:28  Refinery  
  86  6:31  Refinery, Missile Turret  
  91  6:33  SCV  
  91  6:34  Supply Depot  
  91  6:39  Supply Depot, Liberator, SCV  
  94  6:40  SCV  
  94  6:44  Liberator  
  94  6:45  SCV  
  94  6:46  Banshee  
  98  6:52  SCV x2  
  100  6:57  SCV  
  100  7:00  Supply Depot  
  104  7:02  Supply Depot  
  104  7:04  SCV x2  
  109  7:11  Starport Tech Lab, Fusion Core  
  109  7:12  Liberator  
  109  7:13  SCV  
  110  7:16  SCV x2  
  112  7:25  SCV  
  112  7:27  Command Center  
  112  7:28  SCV x2  
  118  7:31  Hellion x2  
  118  7:34  Banshee  
  125  7:40  Liberator  
  125  7:43  SCV x3  
  123  7:53  Liberator  
  123  7:55  Hellion x2, SCV x2  
  132  7:58  SCV  
  132  8:04  Supply Depot  
  133  8:06  Supply Depot  
  133  8:07  SCV x2  
  133  8:11  SCV  
  139  8:18  Hyperflight Rotors, Banshee  
  132  8:35  Banshee  
  132  8:40  Liberator  
  135  8:50  Starport  
  135  8:51  Starport  
  135  8:55  Refinery  
  135  8:57  Hellion x2  
  135  8:58  Command Center  
  135  8:59  Refinery  
Tags
 
Add a new tag
Caveats
  • Supply blocks, unpowered buildings, or Contaminate may cause inaccurate times.
  • Supply counts are checked every 10 seconds.